[Event "SRB-chT 1st League Women 2018"]
[Site "Zajecar"]
[Date "2018.08.31"]
[Round "1"]
[White "Maksimovic, Suzana"]
[Black "Ostojic, Katarina"]
[Result "1/2-1/2"]
[ECO "A43"]
[WhiteElo "2166"]
[BlackElo "2098"]
[Annotator "NA RC"]
[PlyCount "71"]
[EventDate "2018.08.31"]
[EventType "team-tourn"]
[EventCountry "SRB"]
[SourceTitle "playchess.com"]
[Source "ChessBase"]
[SourceQuality "1"]
[TimeControl "40/5400+30:1800+30"]

1. d4 c5 2. d5 Nf6 3. Nc3 e6 4. e4 d6 5. Bg5 {[%emt 0:14:27] A43: Schmid Benoni} (5. Bb5+ Bd7 6. a4 exd5 7. exd5 Be7 8. Nf3 O-O 9. h3 Re8 10. O-O Na6 11. Nd2 Nb4 12. Nc4 Rb8 13. Ne3 Bf8 14. Bc4 g6 15. Nb1 Bg7 16. c3 Na6 17. Na3 Nc7 18. Nb5 Nxb5 19. Bxb5 a6 20. Bxd7 Nxd7 21. a5 {½-½ (21) Campos Moreno,J (2413)-Munoz Pantoja,M (2497) Castell de Sant Ferran 2017}) 5... e5 {[%emt 0:08:41] LiveBook: 7 Games} 6. Be2 Be7 7. h4 $146 ({Predecessor:} 7. Be3 O-O 8. g4 Ne8 9. h4 Bxh4 10. Qd2 Be7 11. Nh3 Nd7 12. O-O-O {0-1 (46) Sahu,S (2227)-Tesik,C (2299) Budapest 2011}) 7... Na6 8. Nf3 O-O 9. Nd2 Nc7 10. a4 b6 11. Nc4 Rb8 12. Bxf6 Bxf6 13. Nb5 Nxb5 14. axb5 Ra8 15. Ra3 a6 16. Ne3 $11 Bd7 17. bxa6 b5 18. Nf5 Qb6 19. O-O Rxa6 20. Rxa6 Qxa6 21. Bg4 Bxf5 22. Bxf5 g6 23. Qg4 Bg7 24. Bd7 b4 25. b3 Qa2 26. Qe2 Ra8 27. Bb5 Ra3 28. g3 Qb2 29. Qd1 Ra2 30. Bd3 Ra3 31. Qg4 Ra1 32. h5 Rxf1+ 33. Kxf1 Qc1+ 34. Kg2 Qh6 35. hxg6 hxg6 36. Qc8+ 1/2-1/2

[Event "SRB-chT 1st League Women 2018"]
[Site "Zajecar"]
[Date "2018.08.31"]
[Round "1"]
[White "Kovacevic, Radmila"]
[Black "Petrovic, Danijela"]
[Result "0-1"]
[ECO "B10"]
[WhiteElo "2144"]
[BlackElo "1996"]
[Annotator "RC"]
[PlyCount "104"]
[EventDate "2018.08.31"]
[EventType "team-tourn"]
[EventCountry "SRB"]
[SourceTitle "playchess.com"]
[Source "ChessBase"]
[SourceQuality "1"]
[TimeControl "40/5400+30:1800+30"]

1. e4 c6 2. d3 d5 3. Qe2 dxe4 4. dxe4 e5 5. f4 Nf6 6. Nc3 Qb6 7. f5 Bb4 8. Bd2 O-O 9. a3 Bxc3 10. Bxc3 Nbd7 11. g4 Nc5 12. Bg2 Na4 13. g5 Nxc3 14. bxc3 Nd7 15. Nh3 Nc5 16. Nf2 Qb2 17. O-O Qxc3 18. Rad1 b6 19. Qh5 Ba6 20. Ng4 Bxf1 21. Rxf1 Rad8 22. Rf3 Rd1+ 23. Bf1 Qd4+ 24. Kg2 Rd2+ 25. Kh3 Qxe4 26. Bg2 Qxc2 27. f6 Qg6 28. Qh4 Ne4 29. Qe1 Qh5+ 30. Qh4 Nxg5+ 31. Kg3 Qxh4+ 32. Kxh4 Nxf3+ 33. Bxf3 Rfd8 34. Bxc6 gxf6 35. a4 Kg7 36. Kh5 a6 37. h4 R2d4 38. Ne3 Rf4 39. Ng2 Rc4 40. Bb7 Rxa4 41. Ne3 b5 42. Bc6 Ra3 43. Nf5+ Kf8 44. Kh6 b4 45. Kxh7 b3 46. h5 b2 47. Be4 Rad3 48. h6 b1=Q 49. Kh8 Qg1 50. h7 Rg3 51. Bg2 Rxg2 52. Ne7 Kxe7# 0-1

[Event "SRB-chT 1st League Women 2018"]
[Site "Zajecar"]
[Date "2018.08.31"]
[Round "1"]
[White "Rakic, Teodora"]
[Black "Arsovic, Jelena"]
[Result "1/2-1/2"]
[ECO "D94"]
[WhiteElo "2052"]
[BlackElo "2034"]
[Annotator "NA RC"]
[PlyCount "93"]
[EventDate "2018.08.31"]
[EventType "team-tourn"]
[EventCountry "SRB"]
[SourceTitle "playchess.com"]
[Source "ChessBase"]
[SourceQuality "1"]
[TimeControl "40/5400+30:1800+30"]

1. d4 d5 2. c4 dxc4 3. Nf3 Nf6 4. e3 g6 5. Bxc4 Bg7 6. Nc3 O-O 7. O-O c5 8. dxc5 Qa5 {[%emt 0:03:10] D94: Grünfeldindisch (Geschlossenes System)} 9. Nb5 {[%emt 0:13:05] LiveBook: 5 Games} Ne4 10. Qd5 a6 11. Qxe4 axb5 12. Bd5 e6 13. Bb3 ({Reject} 13. Bxb7 f5 $17) 13... Nd7 $146 ({Vorgänger:} 13... Na6 14. Bd2 Nxc5 15. Qc2 Qb6 16. Bb4 Nxb3 17. axb3 Rxa1 18. Rxa1 {½-½ (53) Murshed,N (2520)-Ramesh,R (2330) Madras 1995}) 14. Qc2 Qc7 15. Bd2 Qxc5 16. Rac1 Qxc2 17. Rxc2 Nb6 18. Bc3 Bd7 (18... Bxc3 $11 19. Rxc3 Bd7) 19. Bxg7 Kxg7 20. Ne5 Rfc8 21. Nxd7 Nxd7 22. Rfc1 Rxc2 23. Rxc2 Nb6 24. Kf1 Rc8 25. Rxc8 Nxc8 26. Ke2 Kf6 27. Kd3 Ke5 28. f4+ Kd6 29. e4 f6 30. Kd4 e5+ 31. fxe5+ fxe5+ 32. Kd3 Ne7 33. a3 h6 34. Bf7 Kd7 35. g3 g5 36. Ke3 Nc8 37. Bd5 Nd6 38. Kd3 Kc7 39. b3 Ne8 40. Be6 Nf6 41. Bh3 Kd6 42. Bf1 Kc5 43. Be2 Kc6 44. Bf3 Kc5 45. Kc3 b6 46. Bg2 Ng4 $11 47. h4 {[%emt 0:08:51] Kc4+} 1/2-1/2

[Event "SRB-chT 1st League Women 2018"]
[Site "Zajecar"]
[Date "2018.09.02"]
[Round "3"]
[White "Eric, Jovana"]
[Black "Chelushkina, Irina"]
[Result "0-1"]
[ECO "C15"]
[WhiteElo "2261"]
[BlackElo "2280"]
[Annotator "NA"]
[PlyCount "40"]
[EventDate "2018.08.31"]
[EventType "team-tourn"]
[EventCountry "SRB"]
[SourceTitle "playchess.com"]
[Source "ChessBase"]
[SourceQuality "1"]
[TimeControl "40/5400+30:1800+30"]

1. e4 e6 2. d4 d5 3. Nc3 Bb4 4. Nge2 dxe4 5. a3 Be7 6. Nxe4 f5 {[%emt 0:04:12] C15: French: 3 Nc3 Bb4: Unusual White 4th moves} (6... Nf6 7. Nxf6+ Bxf6 8. Be3 O-O 9. Qd2 b6 10. O-O-O Bb7 11. h4 Nd7 12. Nf4 Be7 13. h5 Nf6 14. f3 Qc8 15. Qf2 Rd8 {0-1 (33) Jobava,B (2703)-Ivanchuk,V (2757) Leuven 2017}) 7. N4c3 Nf6 8. Nf4 Nc6 9. Bb5 $146 ({Predecessor:} 9. Be3 g5 10. Nh5 f4 11. Nxf6+ Bxf6 12. Qh5+ Ke7 13. d5 fxe3 14. O-O-O {0-1 (60) Andreeva,E (1978)-Dogodkina,J (2070) Ivanovo 2011}) 9... O-O 10. Bxc6 bxc6 11. O-O c5 12. Qf3 Rb8 13. dxc5 Bxc5 14. Be3 {[%emt 0:03:46] [#]} Bd6 $1 15. Bxa7 Rxb2 16. Nd3 Rxc2 17. Nb4 $2 {[%emt 0:06:56] [#]} (17. Nb5 $17 {might work better.}) 17... Bb7 $1 18. Qh3 {[%emt 0:04:47] [#]} Rxc3 $19 19. Qxc3 Qa8 20. Bc5 (20. Bd4 {was called for.} Bxg2 21. Rfe1) 20... Ne4 0-1

[Event "SRB-chT 1st League Women 2018"]
[Site "Zajecar"]
[Date "2018.09.02"]
[Round "3"]
[White "Benderac, Ana"]
[Black "Blagojevic, Tijana"]
[Result "1-0"]
[ECO "D45"]
[WhiteElo "2239"]
[BlackElo "2232"]
[Annotator "ChessBase"]
[PlyCount "151"]
[EventDate "2018.08.31"]
[EventType "team-tourn"]
[EventCountry "SRB"]
[SourceTitle "playchess.com"]
[Source "ChessBase"]
[SourceQuality "1"]
[TimeControl "40/5400+30:1800+30"]

1. d4 d5 2. c4 c6 3. Nc3 Nf6 4. Nf3 e6 5. e3 Nbd7 6. Qc2 Bd6 7. Bd3 dxc4 8. Bxc4 b5 9. Be2 O-O 10. O-O Bb7 11. Rd1 Qc7 12. Bd2 b4 13. Ne4 Nxe4 14. Qxe4 c5 15. Qh4 c4 16. Rac1 Nb6 17. Ne5 Bxe5 18. dxe5 a5 19. a3 bxa3 20. bxa3 Rfc8 21. Bc3 Nd5 22. Bd4 Ba6 23. Bf3 Rab8 24. Be4 h6 25. Bxd5 exd5 26. Bc3 Rb5 27. a4 Rb3 28. Rxd5 Rcb8 29. Qd4 Rb1 30. Rd1 Rxd1+ 31. Qxd1 Rb3 32. Rd8+ Kh7 33. Qc2+ g6 34. Rd1 Bc8 35. e6 Bxe6 36. Qd2 Qd7 37. Qe1 Qb7 38. f3 Qe7 39. Qd2 Qc5 40. Kf2 Qa3 41. Rc1 Qc5 42. Bxa5 Qd5 43. Qxd5 Bxd5 44. Bc3 f5 45. a5 Kg8 46. Bd4 Ra3 47. Ra1 Rxa1 48. Bxa1 Bb7 49. Ke2 Kf7 50. Kd2 Ke6 51. Kc3 Kd5 52. Kb4 Ba6 53. Bg7 h5 54. h4 c3 55. Kxc3 Bf1 56. Kd2 Bxg2 57. Ke2 Kc6 58. Bc3 Kd5 59. a6 Kc6 60. Bd4 Bh3 61. a7 Kb7 62. Bc5 Ka8 63. Kd3 Bg2 64. Ke2 Bh3 65. e4 fxe4 66. fxe4 Bg2 67. Ke3 Kb7 68. Kf4 Bh1 69. Bd4 Bg2 70. e5 Kc7 71. Kg5 Be4 72. Kf6 Kd7 73. e6+ Ke8 74. Bc5 Bd5 75. Kxg6 Bf3 76. Kf6 1-0

[Event "SRB-chT 1st League Women 2018"]
[Site "Zajecar"]
[Date "2018.09.02"]
[Round "3"]
[White "Zarkovic, Mila"]
[Black "Matkovic, Simana"]
[Result "1-0"]
[ECO "B92"]
[WhiteElo "2185"]
[BlackElo "1937"]
[Annotator "NA"]
[PlyCount "79"]
[EventDate "2018.08.31"]
[EventType "team-tourn"]
[EventCountry "SRB"]
[SourceTitle "playchess.com"]
[Source "ChessBase"]
[SourceQuality "1"]
[TimeControl "40/5400+30:1800+30"]

1. e4 c5 2. Nf3 d6 3. d4 cxd4 4. Nxd4 Nf6 5. Nc3 a6 6. Be2 e5 7. Nb3 Be6 8. Bf3 {[%emt 0:01:00] B92: Sicilian Najdorf: 6 Be2} Nbd7 9. O-O Be7 10. Re1 Rc8 11. a4 Nb6 12. Nd2 O-O 13. a5 Nc4 14. Nxc4 Rxc4 {[%emt 0:02:59] [#]} 15. Bd2 $146 ({Predecessor:} 15. Be3 Qd7 16. h3 Rfc8 17. Na4 Rxa4 {0-1 (30) Vaibhav,S (2560)-Lu,S (2628) Ashkhabad 2017}) 15... Qc7 16. Re3 Rc8 17. b3 Rc6 18. Na4 Rxc2 19. Nb6 Rd8 {[%emt 0:02:14] [#]} 20. Nc4 $1 Rxc4 21. bxc4 Rc8 22. Rc3 Qd8 23. Qb3 Rc7 24. Be3 Qc8 25. Rac1 Nd7 26. h3 Nc5 $16 27. Qd1 Qd8 28. Rb1 Bc8 29. Rb6 Qe8 30. Bxc5 Rxc5 31. Bg4 Bd8 32. Rxd6 Be7 33. Rd5 Be6 34. Bxe6 fxe6 35. Rd7 Rxa5 36. Rcd3 Kf7 37. Rxb7 Kg6 38. Qg4+ Bg5 39. h4 Ra1+ 40. Kh2 1-0

[Event "SRB-chT 1st League Women 2018"]
[Site "Zajecar"]
[Date "2018.09.02"]
[Round "3"]
[White "Gajcin, Marina"]
[Black "Manakova, Maria"]
[Result "1/2-1/2"]
[ECO "B45"]
[WhiteElo "2170"]
[BlackElo "2242"]
[Annotator "NA"]
[PlyCount "126"]
[EventDate "2018.08.31"]
[EventType "team-tourn"]
[EventCountry "SRB"]
[SourceTitle "playchess.com"]
[Source "ChessBase"]
[SourceQuality "1"]
[TimeControl "40/5400+30:1800+30"]

1. e4 c5 2. Nf3 e6 3. d4 cxd4 4. Nxd4 Nc6 5. Nc3 Nf6 6. Ndb5 Bb4 7. a3 Bxc3+ 8. Nxc3 d5 9. exd5 Nxd5 10. Nxd5 exd5 11. Bd3 Qe7+ 12. Qe2 {[%emt 0:03:11] B45: Sicilian Four Knights} Qxe2+ 13. Kxe2 Ne5 {[%emt 0:00:32] LiveBook: 14 Partien} 14. Bb5+ (14. Rd1 Nxd3 15. Rxd3 Be6 16. Be3 a6 17. Bd4 O-O 18. Kd2 Rac8 19. g4 Rfe8 {½-½ (32) Istratescu,A (2592)-Tregubov,P (2593) Drancy 2016}) 14... Bd7 15. Bxd7+ Kxd7 16. Rd1 Ke6 17. Be3 Rac8 18. Rac1 Rc6 $146 ({Predecessor:} 18... a5 19. a4 f6 {½-½ (54) Pospisil,J (2051)-Kozeny,P (2070) Rakovnik 2015}) 19. Bd4 f6 20. b3 ({Of course not} 20. Bxa7 b6 $17) 20... Rhc8 21. Kd2 Kf5 22. Re1 h5 23. Re3 g5 24. a4 b6 25. c3 Re6 26. h3 Rce8 27. Rce1 h4 28. g3 Kg6 29. Kd1 Kf7 30. gxh4 gxh4 31. Rg1 Ng6 (31... Nc6 $11 32. Rxe6 Rxe6) 32. Rf3 Rh8 33. Rg5 Ne7 34. Rg4 Rh7 35. Be3 Re4 36. Rff4 f5 37. Kd2 Rxf4 38. Rxf4 Ke6 39. a5 bxa5 40. Ra4 Nc6 41. Bg5 Rh5 42. Bxh4 d4 43. cxd4 Kd5 44. Bg3 Rxh3 45. Ke3 Rh7 46. Rc4 Re7+ 47. Kd3 Nb4+ 48. Kd2 Ke4 49. Bc7 Kf3 50. Bxa5 Nd5 $1 51. Rc5 Rd7 52. Kd3 Kxf2 53. Bd2 Kf3 54. Rc8 f4 55. Rf8 Rd6 56. Kc4 Nf6 57. d5 Ke4 58. Bb4 Ra6 59. d6 Rc6+ 60. Kb5 Rb6+ 61. Kc4 Rc6+ 62. Kb5 Rb6+ 63. Kc4 Rc6+ $11 1/2-1/2

[Event "SRB-chT 1st League Women 2018"]
[Site "Zajecar"]
[Date "2018.09.02"]
[Round "3"]
[White "Gajcin, Jasmina"]
[Black "Milutinovic, Stefana"]
[Result "0-1"]
[ECO "B51"]
[WhiteElo "1910"]
[BlackElo "2149"]
[Annotator "NA"]
[PlyCount "62"]
[EventDate "2018.08.31"]
[EventType "team-tourn"]
[EventCountry "SRB"]
[SourceTitle "playchess.com"]
[Source "ChessBase"]
[SourceQuality "1"]
[TimeControl "40/5400+30:1800+30"]

1. e4 c5 2. Nf3 d6 3. Bb5+ Nd7 4. c3 Ngf6 5. Qe2 a6 6. Ba4 b5 7. Bc2 e5 8. O-O {[%emt 0:02:41] B51: Sizilianisch (Rossolimo-Variante)} (8. d4 Be7 9. O-O O-O 10. Rd1 Qc7 11. h3 Bb7 12. d5 g6 13. Bg5 Rfe8 14. g4 h5 15. Nh2 Nxd5 16. exd5 Bxg5 17. gxh5 Nf6 18. hxg6 fxg6 19. Bxg6 {0-1 (26) Najer,E (2679)-Lu,S (2627) Doha 2016}) 8... Be7 9. a4 Bb7 10. d4 O-O {[%emt 0:00:32] LiveBook: 29 Games} 11. Rd1 cxd4 12. cxd4 Qc7 13. Bg5 b4 14. Bd3 $146 ({Vorgänger:} 14. a5 h6 15. Be3 Nxe4 16. Bxh6 gxh6 17. Bxe4 d5 {½-½ (53) Motyka,J (1773)-Bujdak,P (1681) LSS email 2014}) 14... h6 15. Bh4 Rfe8 16. Nbd2 exd4 17. Nxd4 Bf8 18. f3 d5 $1 19. Bg3 {[%emt 0:05:37] [#]} Qb6 $1 20. Bf2 dxe4 21. Nxe4 Nxe4 22. fxe4 Bc5 (22... Qg6 $17 23. Nf5 Nc5 24. Bxc5 Bxc5+ 25. Kh1 Re5) 23. Nb3 Bxf2+ 24. Qxf2 Qxf2+ 25. Kxf2 Nf6 26. Nc5 Nxe4+ 27. Bxe4 Bxe4 28. Nxe4 Rxe4 29. Rd2 $17 Rae8 30. Rc1 g5 31. Rc6 Rf4+ 0-1

[Event "SRB-chT 1st League Women 2018"]
[Site "Zajecar"]
[Date "2018.09.03"]
[Round "4"]
[White "Badelka, Olga"]
[Black "Voiska, Margarita"]
[Result "1/2-1/2"]
[ECO "A13"]
[WhiteElo "2404"]
[BlackElo "2241"]
[Annotator "ChessBase"]
[PlyCount "81"]
[EventDate "2018.08.31"]
[EventType "team-tourn"]
[EventCountry "SRB"]
[SourceTitle "playchess.com"]
[Source "ChessBase"]
[SourceQuality "1"]
[TimeControl "40/5400+30:1800+30"]

1. c4 e6 2. Nc3 c5 3. Nf3 Nf6 4. d4 cxd4 5. Nxd4 d5 6. Bg5 Be7 7. cxd5 Nxd5 8. Bxe7 Qxe7 9. Nxd5 exd5 10. e3 O-O 11. Be2 Nd7 12. O-O Nf6 13. Rc1 Be6 14. Qa4 a6 15. Nxe6 fxe6 16. Rc2 Rac8 17. Rfc1 Rxc2 18. Qxc2 Ne4 19. f3 Nd6 20. Qc7 Qxc7 21. Rxc7 Rf7 22. Rc3 Rd7 23. Kf2 Kf7 24. g4 h6 25. h4 Ke7 26. Bd3 Kd8 27. Rc1 Rc7 28. Rg1 Ke7 29. Ke2 Rc8 30. b3 e5 31. e4 dxe4 32. fxe4 Rf8 33. g5 hxg5 34. hxg5 Rh8 35. Rc1 Rh2+ 36. Ke3 Rh3+ 37. Kd2 Rh2+ 38. Ke3 Rh3+ 39. Kd2 Rh2+ 40. Ke3 Rh3+ 41. Kd2 1/2-1/2

[Event "SRB-chT 1st League Women 2018"]
[Site "Zajecar"]
[Date "2018.09.03"]
[Round "4"]
[White "Bulmaga, Irina"]
[Black "Ambartsumova, Karina"]
[Result "1/2-1/2"]
[ECO "C50"]
[WhiteElo "2394"]
[BlackElo "2386"]
[Annotator "NA"]
[PlyCount "82"]
[EventDate "2018.08.31"]
[EventType "team-tourn"]
[EventCountry "SRB"]
[SourceTitle "playchess.com"]
[Source "ChessBase"]
[SourceQuality "1"]
[TimeControl "40/5400+30:1800+30"]

1. e4 e5 2. Nf3 Nc6 3. Bc4 Bc5 4. O-O Nf6 5. d3 O-O 6. a4 {[%emt 0:00:14] LiveBook: 124 Games} a6 7. c3 d6 8. Re1 {[%emt 0:00:57] C54: Giuoco Piano: 4 c3 Nf6, main lines with 5 d4 and 5 d3} Ba7 (8... h6 9. h3 Re8 10. Nbd2 Be6 11. b4 Bxc4 12. Nxc4 Ba7 13. Qc2 d5 14. Ne3 Bxe3 15. Bxe3 Qd7 {1-0 (44) Vachier Lagrave,M (2789)-Kramnik,V (2792) Paris 2018}) 9. Na3 Ne7 10. Nc2 Ng6 11. Be3 c6 12. Bxa7 Rxa7 13. Bb3 Ra8 $146 ({Predecessor:} 13... a5 14. d4 Qc7 {1-0 (31) Di Berardino,D (2523)-Oliveira,J (2177) Foz do Iguacu 2018}) 14. Ne3 Qc7 15. Qc2 h6 16. d4 Re8 17. Rad1 Be6 18. Bxe6 Rxe6 19. dxe5 Nxe5 20. Nd4 Ree8 21. Ndf5 Rad8 22. c4 Kh7 23. Ng3 g6 24. h3 Ned7 25. Nef1 a5 $11 26. Re3 Nc5 27. b3 h5 28. Nd2 d5 29. cxd5 cxd5 30. Rf3 Kg7 31. exd5 Rxd5 32. Rxf6 Kxf6 33. Nde4+ Nxe4 34. Qxc7 Rxd1+ 35. Kh2 Nxg3 36. Qc3+ Ke7 37. Kxg3 Red8 38. Qc5+ R8d6 39. Qc7+ Rd7 40. Qxa5 R1d3+ 41. f3 Rxb3 1/2-1/2

[Event "SRB-chT 1st League Women 2018"]
[Site "Zajecar"]
[Date "2018.09.03"]
[Round "4"]
[White "Djukic, Sandra"]
[Black "Maksimovic, Suzana"]
[Result "1/2-1/2"]
[ECO "A52"]
[WhiteElo "2162"]
[BlackElo "2166"]
[Annotator "NA"]
[PlyCount "83"]
[EventDate "2018.08.31"]
[EventType "team-tourn"]
[EventCountry "SRB"]
[SourceTitle "playchess.com"]
[Source "ChessBase"]
[SourceQuality "1"]
[TimeControl "40/5400+30:1800+30"]

1. d4 Nf6 2. c4 e5 3. dxe5 Ng4 4. Nh3 Nxe5 5. e3 {[%emt 0:00:06] LiveBook: 144 Partien} d6 6. Nf4 {[%emt 0:00:07] A52: Budapest Gambit} g6 7. Be2 Bg7 8. O-O O-O 9. Nc3 a5 10. Bd2 Nbd7 11. Rc1 Nc5 12. Be1 c6 $146 ({Predecessor:} 12... Re8 13. f3 {½-½ (45) Wojtaszek,R (2736)-Mohr,G (2473) Katowice 2017}) 13. Na4 Ned7 14. Bc3 Nxa4 15. Bxg7 Kxg7 16. Qxa4 Qf6 $14 17. Qc2 Nc5 18. Rfd1 Bf5 19. Qd2 Rfd8 20. b3 Ne4 21. Qe1 Qe7 22. Bd3 Qe5 23. f3 Nc5 24. Bxf5 Qxf5 25. Qc3+ Qe5 26. Kf2 Qxc3 27. Rxc3 Kf6 28. Nd3 Nxd3+ 29. Rcxd3 Ke7 30. e4 h5 31. h4 Ke6 32. Ke3 c5 33. a4 Ra6 34. f4 Re8 35. Kf3 f5 36. exf5+ gxf5 37. Rd5 Rf8 38. Re1+ Kd7 39. Re3 Rf6 40. Red3 Ke7 41. Re3+ Kd7 42. Red3 1/2-1/2

[Event "SRB-chT 1st League Women 2018"]
[Site "Zajecar"]
[Date "2018.09.03"]
[Round "4"]
[White "Bojicic, Andjela"]
[Black "Gajcin, Marina"]
[Result "0-1"]
[ECO "D83"]
[WhiteElo "2123"]
[BlackElo "2170"]
[Annotator "NA"]
[PlyCount "64"]
[EventDate "2018.08.31"]
[EventType "team-tourn"]
[EventCountry "SRB"]
[SourceTitle "playchess.com"]
[Source "ChessBase"]
[SourceQuality "1"]
[TimeControl "40/5400+30:1800+30"]

1. d4 Nf6 2. c4 g6 3. Nc3 d5 4. Bf4 Bg7 5. e3 O-O 6. Rc1 dxc4 7. Bxc4 Nbd7 8. Nf3 Nh5 9. Bg5 h6 10. Bh4 g5 11. Bg3 Nxg3 12. hxg3 c5 13. Nxg5 hxg5 14. Ne4 Qa5+ 15. Kf1 cxd4 16. Bd3 Rd8 17. b4 Qd5 18. Qh5 Nf6 19. Nxf6+ exf6 20. Bc4 Qd7 21. Rd1 Qc7 22. Bb3 Be6 23. Qh7+ Kf8 24. Bc2 dxe3 25. fxe3 Rxd1+ 26. Bxd1 Qxg3 27. Qd3 Rc8 28. Kg1 Qe1+ 29. Kh2 Qh4+ 30. Kg1 Qxb4 31. Rh7 Qc5 32. Kh2 Bf5 0-1

[Event "SRB-chT 1st League Women 2018"]
[Site "Zajecar"]
[Date "2018.09.03"]
[Round "4"]
[White "Arsovic, Jelena"]
[Black "Miladinovic, Lena"]
[Result "1/2-1/2"]
[ECO "B40"]
[WhiteElo "2034"]
[BlackElo "2098"]
[Annotator "NA"]
[PlyCount "48"]
[EventDate "2018.08.31"]
[EventType "team-tourn"]
[EventCountry "SRB"]
[SourceTitle "playchess.com"]
[Source "ChessBase"]
[SourceQuality "1"]
[TimeControl "40/5400+30:1800+30"]

1. e4 c5 2. Nf3 e6 3. d3 d6 4. g3 b6 5. Bg2 Bb7 6. O-O Nf6 7. Re1 Be7 {[%emt 0:06:51] A05: Réti Opening: 1 Nf3 Nf6} 8. c3 O-O 9. Nbd2 Nbd7 (9... Nc6 10. a3 Rc8 11. d4 cxd4 12. cxd4 b5 13. e5 Nd5 14. Ne4 b4 15. Qd3 dxe5 16. dxe5 Nb6 17. Nd6 Rc7 {0-1 (37) Amin,B (2689)-Vachier Lagrave,M (2789) Riadh 2017}) 10. Qe2 Qc7 11. b3 Rfe8 12. Bb2 Rac8 13. Rad1 $146 ({Predecessor:} 13. Rac1 Bf8 14. Nh4 b5 15. f4 {1-0 (54) Sklyarov,D (2431)-Raaste,E (2303) Finland 2016}) 13... h6 14. d4 cxd4 15. cxd4 Qb8 16. Rc1 Rxc1 17. Rxc1 Rc8 18. Rxc8+ Qxc8 19. Qd3 d5 20. e5 $11 Ne4 21. Ne1 Nxd2 22. Qxd2 Nb8 23. h4 Qc2 24. Qe2 Qc8 1/2-1/2

[Event "SRB-chT 1st League Women 2018"]
[Site "Zajecar"]
[Date "2018.09.03"]
[Round "4"]
[White "Petrovic, Danijela"]
[Black "Rapport, Jovana"]
[Result "0-1"]
[ECO "B13"]
[WhiteElo "1996"]
[BlackElo "2348"]
[Annotator "NA"]
[PlyCount "74"]
[EventDate "2018.08.31"]
[EventType "team-tourn"]
[EventCountry "SRB"]
[SourceTitle "playchess.com"]
[Source "ChessBase"]
[SourceQuality "1"]
[TimeControl "40/5400+30:1800+30"]

1. e4 c6 2. d4 d5 3. exd5 cxd5 4. Nf3 Nf6 5. Bb5+ Bd7 {[%emt 0:04:15] B13: Caro-Kann: Exchange Variation and Panov-Botvinnik Attack} 6. Bxd7+ (6. Bd3 Bg4 7. c3 Nc6 8. Bf4 a6 9. Nbd2 e6 10. Qe2 Be7 11. a4 Bh5 12. O-O O-O 13. b4 a5 14. b5 Na7 15. Qe3 Nc8 16. Ne5 {0-1 (50) Sonis,F (2241)-Gustafsson,J (2640) Porto Mannu 2015}) 6... Nbxd7 7. O-O Qc7 8. Re1 e6 9. Bg5 Bd6 10. Nbd2 b5 $146 ({Predecessor:} 10... O-O 11. c3 b5 12. Qe2 Rab8 13. Ne5 b4 14. c4 dxc4 15. Qxc4 Rbc8 16. Qxc7 Rxc7 {0-1 (58) Prpic,I (2031)-Franciskovic,B (2263) Rijeka 2013}) 11. Rc1 O-O 12. Qe2 b4 13. c4 dxc4 14. Nxc4 h6 15. Nce5 Qb7 16. Bd2 Nb6 17. Nc6 Nbd5 18. Nfe5 (18. Na5 $5 Qe7 19. Qa6 $11) 18... a5 19. Qd3 Rfc8 20. a3 Ra6 21. axb4 axb4 ({Stronger than} 21... Raxc6 22. Nxc6 Rxc6 23. Rxc6 $11) 22. Ra1 Raxc6 23. Nxc6 Rxc6 24. Rec1 Nf4 25. Bxf4 Bxf4 26. Rc5 Rxc5 27. dxc5 Nd5 28. g3 Be5 29. Qc2 Qc6 $19 30. Ra5 g6 31. b3 Bc7 32. Ra4 Bb6 33. Qb2 Bxc5 34. Qa1 Nc3 35. Ra8+ Kg7 36. Qa5 Qd5 37. h3 Qd4 0-1

[Event "SRB-chT 1st League Women 2018"]
[Site "Zajecar"]
[Date "2018.09.03"]
[Round "4"]
[White "Matkovic, Simana"]
[Black "Vuckovic, Jovana"]
[Result "1-0"]
[ECO "A46"]
[WhiteElo "1937"]
[BlackElo "1992"]
[Annotator "NA"]
[PlyCount "85"]
[EventDate "2018.08.31"]
[EventType "team-tourn"]
[EventCountry "SRB"]
[SourceTitle "playchess.com"]
[Source "ChessBase"]
[SourceQuality "1"]
[TimeControl "40/5400+30:1800+30"]

1. d4 Nf6 2. Nf3 d6 3. Bf4 g6 4. e3 Bg7 5. Be2 Nbd7 6. O-O O-O 7. h3 Qe8 8. c4 e5 9. Bh2 Ne4 10. Qd3 {[%emt 0:08:22] A48: 1 d4 Nf6 2 Nf3 g6: Torre, London and Colle Systems} f5 11. Nc3 Nxc3 12. Qxc3 c5 $146 ({Predecessor:} 12... b6 13. Rfe1 Bb7 14. b4 a5 15. c5 axb4 16. Qc4+ d5 17. Qxb4 Qe7 {1-0 (33) Palchun,G (2263)-Tseitlin,M (2399) St Petersburg 2013}) 13. dxe5 dxe5 14. Qc2 e4 15. Nd2 Ne5 16. Rad1 Be6 17. Nb1 Qe7 18. b3 Rad8 19. Nc3 g5 20. Nd5 Qf7 21. Rd2 h5 22. Rfd1 g4 $16 (22... h4 $11 {keeps the balance.}) 23. hxg4 fxg4 24. Bg3 Bf5 25. Bh4 Rde8 26. Nf4 Bh6 27. g3 Nf3+ 28. Bxf3 exf3 29. Qc3 Bg7 30. Qc1 Bf6 31. Bxf6 Qxf6 32. Rd6 Qf7 33. Rh6 Rd8 34. Rxh5 Qf6 35. Rd5 Rxd5 36. Nxd5 Qg7 37. e4 Bxe4 38. Rg5 Bg6 39. Rxg6 Qxg6 40. Ne7+ Kg7 41. Nxg6 Kxg6 42. Qc2+ Kg5 43. Qd2+ 1-0

[Event "SRB-chT 1st League Women 2018"]
[Site "Zajecar"]
[Date "2018.09.03"]
[Round "4"]
[White "Vuckovic, Lidija"]
[Black "Gajcin, Jasmina"]
[Result "1/2-1/2"]
[ECO "A48"]
[WhiteElo "1834"]
[BlackElo "1910"]
[Annotator "NA"]
[PlyCount "22"]
[EventDate "2018.08.31"]
[EventType "team-tourn"]
[EventCountry "SRB"]
[SourceTitle "playchess.com"]
[Source "ChessBase"]
[SourceQuality "1"]
[TimeControl "40/5400+30:1800+30"]

1. d4 Nf6 2. Nf3 g6 3. Bf4 Bg7 4. c3 d6 5. e3 O-O 6. Bc4 c5 7. dxc5 dxc5 8. Qxd8 Rxd8 9. Nbd2 Nc6 10. Ne5 Nxe5 11. Bxe5 Bf5 1/2-1/2

[Event "SRB-chT 1st League Women 2018"]
[Site "Zajecar"]
[Date "2018.09.04"]
[Round "5"]
[White "Zarkovic, Mila"]
[Black "Chelushkina, Irina"]
[Result "1/2-1/2"]
[ECO "B12"]
[WhiteElo "2185"]
[BlackElo "2280"]
[Annotator "NA RC"]
[PlyCount "84"]
[EventDate "2018.08.31"]
[EventType "team-tourn"]
[EventCountry "SRB"]
[SourceTitle "playchess.com"]
[Source "ChessBase"]
[SourceQuality "1"]
[TimeControl "40/5400+30:1800+30"]

1. e4 c6 2. d4 Na6 3. Nc3 Nc7 4. h4 d5 5. e5 h5 6. Be2 g6 7. Be3 Nh6 8. Qd2 Nf5 9. Nf3 Bh6 10. Bg5 Ne6 11. O-O-O Qa5 12. Kb1 Bd7 13. Bxh6 Nxh6 14. Ng5 Nf5 15. Nxe6 Bxe6 16. Bf3 O-O-O 17. Ne2 Qxd2 18. Rxd2 Ng7 19. Nf4 Bf5 20. a4 Kc7 21. b3 a5 22. Kb2 Ne6 23. Nxe6+ Bxe6 24. Be2 f6 25. f4 fxe5 26. dxe5 Bf5 27. Bf3 e6 28. Be2 Kb6 29. Rg1 Kc5 30. c3 Kb6 31. g3 c5 32. Rgd1 Rc8 33. Rg1 Rc7 34. Rgd1 Rhc8 35. c4 d4 36. Bd3 Rd7 37. Kc2 Kc7 38. Rg1 Rh8 39. Rh2 Kd8 40. Kd2 Rdh7 41. Re2 Rd7 42. Rh2 $15 Rdh7 1/2-1/2